 Dungeon Crawl Stone Soup version 0.29.1-1-gd02db69 (webtiles) character file.

Game seed: 12794490362717838709

46308 bruuuuuh the Thrower (level 14, -14/121 HPs)
             Began as a Human Berserker on Oct 6, 2023.
             Was a High Priest of Trog.
             Demolished by Rupert
             ... wielding a +0 triple sword of holy wrath
              (46 damage)
             ... on level 4 of the Lair of Beasts on Oct 10, 2023.
             The game lasted 01:20:50 (25626 turns).

bruuuuuh the Thrower (Human Berserker)             Turns: 25626, Time: 01:20:51

Health: -14/121    AC: 11    Str: 17    XL:     14   Next: 75%
Magic:  14/14      EV:  5    Int:  7    God:    Trog [*****.]
Gold:   1338       SH: 15    Dex: 30    Spells: 13/13 levels left

rFire   + . .      SeeInvis .   c - +4 demon trident (elec)
rCold   + + .      Faith    .   P - +0 tower shield
rNeg    + . .      Spirit   .   X - +0 plate armour
rPois   .          Reflect  .   h - +0 helmet
rElec   .          Harm     .   H - scarf {rC+ rF+}
rCorr   .          Rampage  .   (no gloves)
Will    +....                   (no boots)
Stlth   ..........              a - amulet of regeneration
HPRegen 1.10/turn               f - ring of Midwinter {rC+ rN+ Dex+6 Slay+2}
MPRegen 0.14/turn               x - ring "Pixierch" {EV+4 Dex+5}

@: no status effects
A: no striking features
a: Renounce Religion, Berserk, Trog's Hand, Brothers in Arms


You were on level 4 of the Lair of Beasts.
You worshipped Trog.
Trog was extremely pleased with you.
You visited 2 branches of the dungeon, and saw 15 of its levels.
You also visited: Ossuary and Bailey.

You collected 1338 gold pieces.

Inventory:

Hand Weapons
 c - a +4 demon trident of electrocution (weapon)
 k - a +0 sling of venom
Missiles
 o - 4 datura-tipped darts
 u - 21 boomerangs
 B - a throwing net
 C - 14 poisoned darts
 I - a javelin (quivered)
 J - 2 boomerangs of dispersal
 M - 11 atropa-tipped darts
 Q - 6 curare-tipped darts
Armour
 h - a +0 helmet (worn)
 l - an orb of light
 H - a scarf of resistance (worn)
 P - a +0 tower shield (worn)
 X - a +0 plate armour (worn)
Jewellery
 a - an amulet of regeneration (around neck)
 f - the ring of Midwinter (left hand) {rC+ rN+ Dex+6 Slay+2}
   (You acquired it on level 4 of the Dungeon)

   [ring of dexterity]

   Dex:       It affects your dexterity (+6).
   Slay:      It affects your accuracy & damage with ranged weapons and melee
   (+2).
   rC:        It protects you from cold.
   rN:        It protects you from negative energy.
 r - a ring of poison resistance
 x - the ring "Pixierch" (right hand) {EV+4 Dex+5}
   (You took it off a wight on level 7 of the Dungeon)

   [ring of evasion]

   EV:        It affects your evasion (+4).
   Dex:       It affects your dexterity (+5).
 y - an amulet of magic regeneration
 A - a ring of resist corrosion
 F - a ring of magical power
 L - an amulet of reflection
 N - an amulet of the acrobat
 V - a ring of flight
Wands
 p - a wand of charming (24)
 q - a wand of roots (7)
 T - a wand of mindburst (7)
 W - a wand of polymorph (5)
Scrolls
 b - 2 scrolls of fear
 g - 10 scrolls of teleportation
 s - 5 scrolls of enchant armour
 v - a scroll of blinking
 w - a scroll of summoning
 D - a scroll of silence
 S - a scroll of magic mapping
 U - 2 scrolls of fog
Potions
 d - 3 potions of flight
 e - 6 potions of curing
 i - 11 potions of ambrosia
 j - 6 potions of cancellation
 m - 2 potions of might
 n - 3 potions of mutation
 t - 2 potions of lignification
 z - 5 potions of heal wounds
 E - a potion of resistance
 G - 3 potions of invisibility {unknown}
 K - 2 potions of haste {unknown}
 O - 4 potions of magic {unknown}
 Y - 2 potions of attraction {unknown}
Miscellaneous
 Z - a lightning rod (4/4)


   Skills:
 + Level 14.3 Fighting
 - Level 3.0 Maces & Flails
 - Level 14.0 Polearms
 * Level 14.8 Throwing
 - Level 2.0 Armour
 - Level 2.0 Dodging


You had 13 spell levels left.
You didn't know any spells.
Your spell library was empty.

Dungeon Overview and Level Annotations

Branches:
Dungeon (10/15)            Temple (0/1) D:5            Lair (5/5) D:9
 Shoals (0/4) Lair:3        Snake (0/4) Lair:3        Slime (0/5) Lair:4
Ossuary (visited)          Bailey (visited)
    Orc: D:9-12

Altars:
Ashenzari
Elyvilon
Fedhas
Hepliaklqana
Ru
Sif Muna
Vehumet
Wu Jian
Yredelemnul
The Shining One
Jiyva

Shops:
D:5 *   D:10 [

Annotations:
Lair:4 2 runed translucent doors, Rupert; doot's ghost, journeyman GrEE


Message History

Aim: Rupert, wielding a +0 triple sword of holy wrath and wearing a +2 ring mail of fire resistance (lightly wounded, 79% to hit)
You throw a javelin. The javelin completely misses Rupert.
Unknown command.
Throw: 3 javelins
Press: ? - help, Q - select action, (/) - cycle Shift-Dir - straight line, f/p - Rupert
Aim: Rupert, wielding a +0 triple sword of holy wrath and wearing a +2 ring mail of fire resistance (lightly wounded, 79% to hit)
You throw a javelin. The javelin pierces through Rupert!
Rupert is moderately wounded.
Rupert roars madly and goes into a rage!
Rupert goes berserk!
Throw: 2 javelins
Press: ? - help, Q - select action, (/) - cycle Shift-Dir - straight line, f/p - Rupert
Aim: Rupert, wielding a +0 triple sword of holy wrath and wearing a +2 ring mail of fire resistance (moderately wounded, berserk, 79% to hit)
You throw a javelin. The javelin pierces through Rupert!!
Rupert is moderately wounded.
You puncture Rupert!
Rupert is heavily wounded.
Rupert hits you with a +0 triple sword of holy wrath!!
You impale Rupert!!
Rupert is heavily wounded.
You block Rupert's attack. x2
You hit Rupert but do no damage.
Rupert is heavily wounded.
Rupert hits you with a +0 triple sword of holy wrath!
You barely miss Rupert.
Rupert is heavily wounded.
You block Rupert's attack.
Rupert hits you with a +0 triple sword of holy wrath!
You puncture Rupert! Lightning courses through Rupert!
Rupert is severely wounded.
Rupert hits you with a +0 triple sword of holy wrath!!
Rupert hits you with a +0 triple sword of holy wrath!
* * * LOW HITPOINT WARNING * * *
You barely miss Rupert.
Rupert is severely wounded.
Rupert hits you with a +0 triple sword of holy wrath!!
* * * LOW HITPOINT WARNING * * *
You feel much better.
Rupert hits you with a +0 triple sword of holy wrath!!!
You die...

.....
....................
.....
(.......................
.)...
#.......................
.....
........................
.....
........................
.....
........................
.....
........................
.....
......@.................
.....
.......@.........†......
.....
.....P#........P........
..... ....#
#.........#...#.#. ###
##################


You could see Rupert (berserk).

Vanquished Creatures
  Kirke (Lair:3)
  Snorg (Lair:4)
  2 boulder beetles
  2 hydras (Lair:5)
  2 two-headed ogres
  10 death yaks (Lair:5)
  Urug (D:10)
  A lindwurm (Lair:5)
  Pikel (D:8)
  7 elephants
  A merfolk siren (Lair:3)
  3 black mambas
  Joseph (D:8)
  A torpor snail (Lair:5)
  10 cane toads
  4 rime drakes
  An unseen horror (D:10)
  9 komodo dragons
  A queen bee (Lair:1)
  3 trolls
  A polar bear (Lair:5)
  6 dream sheep
  7 blink frogs
  2 shadows (D:9)
  Sigmund (D:3)
  2 basilisks
  54 yaks
  5 hogs (Lair:3)
  6 wyverns
  2 steam dragons
  Grum (D:8)
  2 acid dragons
  12 water moccasins
  4 black bears
  4 orc warriors (Bailey)
  A sky beast (D:8)
  20 wolves
  A centaur (D:7)
  2 lemures (D:8)
  2 elf zombies (Ossuary)
  7 kobold brigands
  8 bullfrogs
  A gnoll sergeant (D:9)
  4 scorpions
  4 wights (D:7)
  22 killer bees
  6 howler monkeys
  A crimson imp (D:6)
  A centaur zombie (Ossuary)
  7 hounds
  7 orc priests
  2 gnoll boudas
  4 jellies
  Ijyb (D:3)
  Jessica (D:3)
  3 orc wizards
  2 iguanas
  5 hell rats (Lair:3)
  2 hound zombies (Ossuary)
  3 mummies (Ossuary)
  20 gnolls
  5 adders
  3 white imps (D:6)
  5 ufetubi
  2 adder zombies (Ossuary)
  2 worms
  A dart slug (D:2)
  30 orcs
  6 ball pythons
  5 bats
  5 endoplasms
  3 giant cockroaches
  14 goblins
  13 hobgoblins
  7 jackals (D:3)
  3 quokkas
  A frilled lizard (D:2)
  2 gnoll zombies (Ossuary)
  2 goblin zombies (Ossuary)
  4 hobgoblin zombies (Ossuary)
  4 jackal zombies (Ossuary)
  24 kobolds
  3 kobold zombies (Ossuary)
  4 orc zombies (Ossuary)
  5 quokka zombies (Ossuary)
  8 rats
  4 rat zombies (Ossuary)
  A spectral orc (D:8)
474 creatures vanquished.

Vanquished Creatures (collateral kills)
  A catoblepas (Lair:5)
  A deep troll shaman (Lair:5)
2 creatures vanquished.

Vanquished Creatures (others)
  22 fungi
  29 plants
51 creatures vanquished.

Grand Total: 527 creatures vanquished

Notes
Turn   | Place    | Note
-------+----------+-------------------------------------------
     0 | D:1      | bruuuuuh the Human Berserker began the quest for the Orb.
     0 | D:1      | Reached XP level 1. HP: 18/18 MP: 1/1
    73 | D:1      | Reached skill level 1 in Polearms
   107 | D:1      | Reached XP level 2. HP: 12/24 MP: 2/2
   774 | D:1      | Reached XP level 3. HP: 29/29 MP: 3/3
   777 | D:1      | Found a faded altar of an unknown god.
   970 | D:1      | Reached ** piety under Trog
  1400 | D:2      | Reached XP level 4. HP: 35/35 MP: 4/4
  1815 | D:3      | Noticed Sigmund
  2219 | D:3      | HP: 1/35 [poisoned by an adder]
  2619 | D:3      | Noticed Ijyb
  2631 | D:3      | Killed Ijyb
  2632 | D:3      | Reached XP level 5. HP: 36/41 MP: 5/5
  2915 | D:3      | Killed Sigmund
  2916 | D:3      | Reached XP level 6. HP: 40/47 MP: 6/6
  3100 | D:3      | Noticed Jessica
  3108 | D:3      | Killed Jessica
  3764 | D:4      | Reached XP level 7. HP: 47/52 MP: 7/7
  3824 | D:4      | Identified a scroll of acquirement
  3824 | D:4      | Acquired the ring of Midwinter {rC+ rN+ Dex+6 Slay+2}
  3867 | D:4      | Found a sand-covered staircase.
  3876 | Ossuary  | Entered an ossuary
  3961 | Ossuary  | Reached *** piety under Trog
  4396 | D:4      | Reached XP level 8. HP: 58/58 MP: 8/8
  4795 | D:4      | Reached **** piety under Trog
  4847 | D:4      | Found an ornate altar of the Wu Jian Council.
  4898 | D:4      | Found a white marble altar of Elyvilon.
  4938 | D:5      | Entered Level 5 of the Dungeon
  5289 | D:5      | Found a staircase to the Ecumenical Temple.
  5492 | D:5      | Reached skill level 10 in Polearms
  5543 | D:5      | Found Noc Poza's Assorted Antiques.
  5905 | D:6      | Reached XP level 9. HP: 47/63 MP: 9/9
  7961 | D:7      | Reached XP level 10. HP: 12/70 MP: 10/10
  8042 | D:7      | Found a flagged portal.
  8068 | Bailey   | Entered a bailey
  9108 | Bailey   | Found a burning altar of Makhleb.
  9499 | D:7      | Identified the ring "Pixierch" {EV+4 Dex+5}
 10155 | D:7      | Found a sacrificial altar of Ru.
 10155 | D:7      | Found a blossoming altar of Fedhas.
 10156 | D:7      | Found a hazy altar of Hepliaklqana.
 10192 | D:7      | Reached ***** piety under Trog
 10488 | D:8      | Found a basalt altar of Yredelemnul.
 10609 | D:8      | Identified the +1 leather armour "Jyfal" {Str+3}
 10660 | D:8      | Noticed Grum
 10669 | D:8      | Reached skill level 5 in Fighting
 10679 | D:8      | Killed Grum
 11094 | D:8      | Noticed Joseph
 11108 | D:8      | Killed Joseph
 11437 | D:8      | Noticed a two-headed ogre
 11445 | D:8      | Killed a two-headed ogre
 11446 | D:8      | Reached XP level 11. HP: 85/85 MP: 11/11
 11747 | D:8      | Noticed Pikel
 11758 | D:8      | Killed Pikel
 11874 | D:8      | Found a glowing golden altar of the Shining One.
 11874 | D:8      | Found a shimmering blue altar of Sif Muna.
 12082 | D:9      | Found a staircase to the Lair.
 12360 | D:9      | Found a broken altar of Ashenzari.
 12496 | D:9      | Reached skill level 10 in Fighting
 12724 | D:9      | Found a radiant altar of Vehumet.
 12806 | D:9      | Reached skill level 1 in Throwing
 13250 | D:10     | Entered Level 10 of the Dungeon
 13633 | D:10     | Found Eshrig Kube's Armour Boutique.
 13792 | D:10     | Noticed Urug
 13800 | D:10     | Killed Urug
 13801 | D:10     | Reached skill level 5 in Throwing
 13882 | D:10     | Reached XP level 12. HP: 67/99 MP: 12/12
 14128 | D:10     | Noticed a two-headed ogre
 14134 | D:10     | Killed a two-headed ogre
 14387 | Lair:1   | Entered Level 1 of the Lair of Beasts
 14730 | Lair:1   | Noticed a boulder beetle
 14750 | Lair:1   | Killed a boulder beetle
 15204 | Lair:1   | Received a gift from Trog
 16333 | Lair:2   | Identified the +0 ring mail "Soxeep" {Int+4 Dex+4}
 16389 | Lair:2   | You fall into a shaft and drop 2 floors!
 16660 | Lair:3   | Reached XP level 13. HP: 49/108 MP: 13/13
 16891 | Lair:3   | Noticed Kirke
 16903 | Lair:3   | Killed Kirke
 16904 | Lair:3   | Reached skill level 10 in Throwing
 16988 | Lair:3   | Found a staircase to the Snake Pit.
 18321 | Lair:3   | Found a staircase to the Shoals.
 19344 | Lair:4   | Noticed a boulder beetle
 19480 | Lair:4   | Noticed Snorg
 19492 | Lair:4   | Killed Snorg
 19609 | Lair:4   | Killed a boulder beetle
 19905 | Lair:4   | Found a viscous altar of Jiyva.
 19914 | Lair:4   | Found a staircase to the Slime Pits.
 20030 | Lair:4   | Found a large runed translucent door.
 20030 | Lair:4   | Found a large runed translucent door.
 20032 | Lair:4   | Noticed doot's ghost (journeyman GrEE)
 20708 | Lair:4   | Noticed Rupert
 20708 | Lair:4   | Paralysed by Rupert for 4 turns
 20717 | Lair:5   | Entered Level 5 of the Lair of Beasts
 21757 | Lair:5   | Reached XP level 14. HP: 117/118 MP: 14/14
 23400 | Lair:5   | Received a gift from Trog
 25625 | Lair:4   | HP: 3/121 [Rupert/+0 triple sword of holy wrath (34)]
 25626 | Lair:4   | Demolished by Rupert

Illustrated notes

Levels and vault maps discovered:
D:1:      co_arrival_square_in_a_square_in_a_square, layout_basic,
          ebering_ecumenical_altar_abandoned, minmay_pentomino_q4
D:2:      layout_rooms
D:3:      layout_rooms, chequers_serial_rivers_room_a, uniq_jessica,
          uniq_sigmund, uniq_ijyb
D:4:      layout_cave_pools, nzn_wu_jian_contemplation,
          lemuel_coloured_pillars_altar, enter_ossuary_1
D:5:      layout_rooms, minmay_temple_entry_poolview, serial_shops,
          nicolae_square_shop
D:6:      layout_basic, minmay_fire_ice_demons
D:7:      layout_basic, chequers_temple_overflow_statue_of_worship,
          enter_bailey_4, minmay_misc_feat_columns,
          chequers_serial_rivers_micro_e
D:8:      layout_layer_cave, gammafunk_temple_overflow_pools,
          yredelemnul_forgotten_temple_becter, st_stairs_4, uniq_pikel,
          uniq_grum, uniq_joseph
D:9:      layout_basic, vehumet_crystals, kennysheep_mini_moat, lair_entry_dummy
D:10:     layout_irregular_city, serial_rivers, chequers_serial_rivers_room_b,
          chequers_serial_rivers_micro_e, chequers_serial_rivers_room_a,
          chequers_serial_rivers_large_b, serial_shops, nicolae_square_shop,
          st_stairs_3, uniq_urug
Lair:1:   layout_small_grid, special_room [special_room_bee]
Lair:2:   layout_chaotic_city, portal_ice_cave_entry_pillars_2,
          grunt_forest_small_clearing_treed, grunt_megastairs_2
Lair:3:   layout_cave_pods, minmay_shoals_entry_lonely_mermaid,
          guppyfry_snake_entry_island, chequers_serial_rivers_micro_b,
          uniq_kirke
Lair:4:   layout_cave_shapes, slime_entry_1, ebering_ghost_disaster_area,
          grunt_megastairs_4, infiniplex_staircase_pool_2, uniq_snorg,
          uniq_rupert
Lair:5:   grunt_lair_end_beastmaster, layout_regular_city

Skill      XL: |  1  2  3  4  5  6  7  8  9 10 11 12 13 14 |
---------------+-------------------------------------------+-----
Polearms       | 1 2 3 4 6 8 10 12 14 | 14.0
Fighting       | 7 10 12 13 14 | 14.3
Throwing       | 5 9 12 14 | 14.8
Maces & Flails | |  3.0
Armour         | |  2.0
Dodging        | |  2.0

Action                   |  1- 3 |  4- 6 |  7- 9 | 10-12 | 13-15 || total
-------------------------+-------+-------+-------+-------+-------++-------
Melee: Demon trident     |    71 |   101 |   251 |   438 |   401 ||  1262
Throw: Boomerang         |       |       |     3 |    36 |    51 ||    90
       Javelin           |       |       |       |    15 |    52 ||    67
       Dart              |       |       |       |       |     3 ||     3
Invok: Berserk           |       |     4 |     1 |    12 |     6 ||    23
       Brothers in Arms  |       |       |       |       |     1 ||     1
  Use: Scroll            |       |     5 |    11 |     4 |    11 ||    31
       Potion            |       |       |       |     1 |     1 ||     2
 Stab: Sleeping          |     4 |       |     5 |       |       ||     9
Armor: Animal skin       |     6 |    13 |    10 |       |       ||    29
       Scale mail        |       |       |    24 |    51 |    54 ||   129
       Plate armour      |       |       |       |       |     1 ||     1
Dodge: Dodged            |    21 |    51 |    75 |   141 |   123 ||   411
Block: Tower shield      |       |       |       |       |   163 ||   163
